| TOP OF THE 1ST |
|
Columbia Fireflies batting - Pitching for Jacksonville Suns : RHP Chris Nickerson
|
|
Pitching: RHP Chris Nickerson
|
|
|
Batting: RHB Billy Walker
|
0-0: Ball 1-0: Fly out, F9 (Flyball, 9D, EV 102.5 MPH)
|
|
Batting: RHB Jeff MacPhee
|
0-0: Called Strike 0-1: Ball 1-1: Ball 2-1: Ball 3-1: SOLO HOME RUN (Flyball, 7D, EV 96.2 MPH), Distance : 382 ft
|
|
Batting: LHB Roy Riess
|
0-0: Ball 1-0: Ground out U3 (Groundball, 3, EV 82.5 MPH)
|
|
Batting: LHB Pete DeHart
|
0-0: Ball 1-0: Ball 2-0: Called Strike 2-1: Ground out 4-3 (Groundball, 4S, EV 85.0 MPH)
|
| Top of the 1st over - 1 run, 1 hit, 0 errors, 0 left on base; Columbia 1 - Jacksonville 0 |
| BOTTOM OF THE 1ST |
|
Jacksonville Suns batting - Pitching for Columbia Fireflies : RHP Ryan Hemmerich
|
|
Pitching: RHP Ryan Hemmerich
|
|
|
Batting: LHB Jose Cabello
|
0-0: Foul Ball, location: 2F 0-1: Ground out 4-3 (Groundball, 34, EV 99.4 MPH)
|
|
Batting: RHB Mike Gar
|
0-0: Called Strike 0-1: Foul Ball, location: 2F 0-2: SINGLE (Line Drive, 89S, EV 101.9 MPH)
|
|
Batting: RHB Akira Suzuki
|
0-0: Called Strike 0-1: Ball 1-1: Ball 2-1: SINGLE (Line Drive, 7S, EV 93.1 MPH) Mike Gar to second
|
|
Batting: LHB Jimmy Hannon
|
0-0: Called Strike 0-1: Swinging Strike 0-2: Ball 1-2: Strikes out looking
|
|
Batting: RHB Rick Fell
|
0-0: Ball 1-0: Foul Ball, location: 2F 1-1: Foul Ball, location: 2F 1-2: Foul Ball, location: 2F 1-2: Reached on error, E1 (Groundball, 15S, EV 68.1 MPH) Mike Gar to third Akira Suzuki to second
|
|
Batting: SHB Yoo-chul Jung
|
0-0: Ball 1-0: Fly out, F7 (Flyball, 7, EV 86.2 MPH)
|
| Bottom of the 1st over - 0 runs, 2 hits, 1 error, 3 left on base; Columbia 1 - Jacksonville 0 |
| TOP OF THE 2ND |
|
Columbia Fireflies batting - Pitching for Jacksonville Suns : RHP Chris Nickerson
|
|
Batting: RHB Bobby Mabrey
|
0-0: Ball 1-0: Ball 2-0: SINGLE (Groundball, 3D, EV 103.1 MPH)
|
|
Batting: RHB Bobby Campbell
|
0-0: Called Strike 0-1: Hit by Pitch Bobby Mabrey to second
|
|
Batting: LHB Chris Carter
|
0-0: Ball Wild Pitch! Bobby Mabrey to third Bobby Campbell to second 1-0: Ball 2-0: Ground out 5-3 (Groundball, 5, EV 85.0 MPH)
|
|
Batting: RHB Ricky Trejo
|
0-0: Swinging Strike 0-1: Foul Ball, location: 2F 0-2: Strikes out swinging
|
|
Batting: RHB Omar Gonzalez
|
0-0: Ball 1-0: Ball 2-0: Ground out 3-1 (Groundball, 34S, EV 93.8 MPH)
|
| Top of the 2nd over - 0 runs, 1 hit, 0 errors, 2 left on base; Columbia 1 - Jacksonville 0 |
| BOTTOM OF THE 2ND |
|
Jacksonville Suns batting - Pitching for Columbia Fireflies : RHP Ryan Hemmerich
|
|
Batting: LHB Jeff Tavella
|
0-0: Foul Ball, location: 2F 0-1: Fly out, F7 (Flyball, 7S, EV 93.8 MPH)
|
|
Batting: LHB Emilio Cordero
|
0-0: Called Strike 0-1: Ball 1-1: Ground out 6-3 (Groundball, 6M, EV 95.0 MPH)
|
|
Batting: RHB Pi-ao Xú
|
0-0: Ball 1-0: Ball 2-0: Ground out 3-1 (Groundball, 34, EV 91.9 MPH)
|
| Bottom of the 2nd over - 0 runs, 0 hits, 0 errors, 0 left on base; Columbia 1 - Jacksonville 0 |
| TOP OF THE 3RD |
|
Columbia Fireflies batting - Pitching for Jacksonville Suns : RHP Chris Nickerson
|
|
Batting: RHB Billy Walker
|
0-0: Ball 1-0: Called Strike 1-1: Ball 2-1: Ball 3-1: Base on Balls
|
|
Batting: RHB Jeff MacPhee
|
0-0: Called Strike 0-1: Ball Passed Ball! Billy Walker to second 1-1: Ball 2-1: Fly out, F9 (Line Drive, 9, EV 91.9 MPH)
|
|
Batting: LHB Roy Riess
|
0-0: Foul Ball, location: 2F 0-1: Ball 1-1: Called Strike Billy Walker steals 3rd base 1-2: Ball 2-2: Ball 3-2: Base on Balls
|
|
Batting: LHB Pete DeHart
|
0-0: Swinging Strike 0-1: Foul Ball, location: 2F 0-2: Ball 1-2: Foul Ball, location: 2F 1-2: Foul Ball, location: 2F 1-2: Ball 2-2: Foul Ball, location: 2F 2-2: Ball 3-2: Foul Ball, location: 2F 3-2: Base on Balls Roy Riess to second
|
|
Batting: RHB Bobby Mabrey
|
0-0: Ball 1-0: Swinging Strike 1-1: Foul Ball, location: 2F 1-2: Fielders Choice at 2nd, 5-4 (Groundball, 56, EV 85.6 MPH) Billy Walker scores Roy Riess to third
|
|
Batting: RHB Bobby Campbell
|
0-0: Called Strike 0-1: SINGLE (Groundball, 4D, EV 98.1 MPH) Roy Riess scores Bobby Mabrey to second Runner from 2nd tries for 3rd, SAFE, throw by CF made to third
|
|
Batting: LHB Chris Carter
|
0-0: Ball 1-0: 3-RUN HOME RUN (Flyball, 89XD, EV 105.6 MPH), Distance : 421 ft
|
|
Pitching: LHP Jerry Woods
|
|
|
Batting: RHB Ricky Trejo
|
0-0: Ball 1-0: Ball 2-0: Swinging Strike 2-1: Swinging Strike 2-2: SINGLE (Groundball, 6MD, EV 98.1 MPH)
|
|
Batting: RHB Omar Gonzalez
|
0-0: Ball 1-0: Called Strike 1-1: Fielders Choice at 2nd, 6-4 (Groundball, 6, EV 101.9 MPH)
|
| Top of the 3rd over - 5 runs, 3 hits, 0 errors, 1 left on base; Columbia 6 - Jacksonville 0 |
| BOTTOM OF THE 3RD |
|
Jacksonville Suns batting - Pitching for Columbia Fireflies : RHP Ryan Hemmerich
|
|
Batting: LHB Jose Cabello
|
0-0: Ball 1-0: Foul Ball, location: 2F 1-1: SINGLE (Line Drive, 89S, EV 109.4 MPH)
|
|
Batting: RHB Mike Gar
|
0-0: Called Strike 0-1: SINGLE (Line Drive, 8LS, EV 94.4 MPH) Jose Cabello to second
|
|
Batting: RHB Akira Suzuki
|
0-0: Ball 1-0: Ball 2-0: Called Strike 2-1: Foul Ball, location: 2F 2-2: Ball 3-2: Strikes out swinging
|
|
Batting: LHB Jimmy Hannon
|
0-0: Ball 1-0: Ball Jose Cabello steals 3rd base 2-0: Foul Ball, location: 2F 2-1: 3-RUN HOME RUN (Flyball, 9D, EV 100.6 MPH), Distance : 373 ft
|
|
Batting: RHB Rick Fell
|
0-0: Ball 1-0: Called Strike 1-1: Ball 2-1: Called Strike 2-2: Ball 3-2: Foul Ball, location: 2F 3-2: Base on Balls
|
|
Batting: SHB Yoo-chul Jung
|
0-0: Ball 1-0: Fielders Choice at 2nd, 6-4 (Groundball, 6M, EV 88.1 MPH)
|
|
Batting: LHB Jeff Tavella
|
0-0: Ball 1-0: Fly out, F6 (Popup, 6S, EV 84.4 MPH)
|
| Bottom of the 3rd over - 3 runs, 3 hits, 0 errors, 1 left on base; Columbia 6 - Jacksonville 3 |
| TOP OF THE 4TH |
|
Columbia Fireflies batting - Pitching for Jacksonville Suns : LHP Jerry Woods
|
|
Batting: RHB Billy Walker
|
0-0: Swinging Strike 0-1: Foul Ball, location: 2F 0-2: Strikes out looking
|
|
Batting: RHB Jeff MacPhee
|
0-0: Ball 1-0: Swinging Strike 1-1: Ball 2-1: Ball 3-1: Foul Ball, location: 2F 3-2: Strikes out looking
|
|
Batting: LHB Roy Riess
|
0-0: Ball 1-0: Foul Ball, location: 2F 1-1: Ball 2-1: Called Strike 2-2: Strikes out swinging
|
| Top of the 4th over - 0 runs, 0 hits, 0 errors, 0 left on base; Columbia 6 - Jacksonville 3 |
| BOTTOM OF THE 4TH |
|
Jacksonville Suns batting - Pitching for Columbia Fireflies : RHP Ryan Hemmerich
|
|
Batting: LHB Emilio Cordero
|
0-0: Called Strike 0-1: Fly out, F3 (Flyball, 3D, EV 72.5 MPH)
|
|
Batting: RHB Pi-ao Xú
|
0-0: Called Strike 0-1: Fly out, F7 (Flyball, 78M, EV 93.1 MPH)
|
|
Batting: LHB Jose Cabello
|
0-0: Ball 1-0: Ball 2-0: Foul Ball, location: 2F 2-1: SOLO HOME RUN (Flyball, 89XD, EV 102.5 MPH), Distance : 419 ft
|
|
Batting: RHB Mike Gar
|
0-0: Foul Ball, location: 2F 0-1: Ball 1-1: Ground out 6-3 (Groundball, 6S, EV 73.8 MPH)
|
| Bottom of the 4th over - 1 run, 1 hit, 0 errors, 0 left on base; Columbia 6 - Jacksonville 4 |
| TOP OF THE 5TH |
|
Columbia Fireflies batting - Pitching for Jacksonville Suns : LHP Jerry Woods
|
|
Batting: LHB Pete DeHart
|
0-0: Ball 1-0: Called Strike 1-1: Called Strike 1-2: Strikes out swinging
|
|
Batting: RHB Bobby Mabrey
|
0-0: Ball 1-0: Ball 2-0: Ball 3-0: Called Strike 3-1: Base on Balls
|
|
Batting: RHB Bobby Campbell
|
0-0: Called Strike 0-1: Grounds into double play, 6-4-3 (Groundball, 6, EV 83.8 MPH)
|
| Top of the 5th over - 0 runs, 0 hits, 0 errors, 0 left on base; Columbia 6 - Jacksonville 4 |
| BOTTOM OF THE 5TH |
|
Jacksonville Suns batting - Pitching for Columbia Fireflies : RHP Ryan Hemmerich
|
|
Batting: RHB Akira Suzuki
|
0-0: Ball 1-0: Ball 2-0: Foul Ball, location: 2F 2-1: Foul Ball, location: 2F 2-2: Ground out 1-3 (Groundball, 13S, EV 66.2 MPH)
|
|
Batting: LHB Jimmy Hannon
|
0-0: Ball 1-0: Ball 2-0: Called Strike 2-1: Fly out, F8 (Flyball, 8LD, EV 106.9 MPH)
|
|
Pitching: LHP Matt Allert
|
|
|
Batting: RHB Rick Fell
|
0-0: Called Strike 0-1: Swinging Strike 0-2: SINGLE (Groundball, 6MD, EV 96.2 MPH)
|
|
Batting: SHB Yoo-chul Jung
|
0-0: Ball 1-0: Foul Ball, location: 2F 1-1: Swinging Strike 1-2: Foul Ball, location: 2F 1-2: Foul Ball, location: 2F 1-2: Hit by Pitch Rick Fell to second
|
|
Batting: LHB Jeff Tavella
|
0-0: Ball 1-0: Ground out U3 (Groundball, 3, EV 84.4 MPH)
|
| Bottom of the 5th over - 0 runs, 1 hit, 0 errors, 2 left on base; Columbia 6 - Jacksonville 4 |
| TOP OF THE 6TH |
|
Columbia Fireflies batting - Pitching for Jacksonville Suns : LHP Jerry Woods
|
|
Batting: LHB Chris Carter
|
0-0: Called Strike 0-1: Called Strike 0-2: Foul Ball, location: 2F 0-2: Fly out, F9 (Flyball, 9LS, EV 71.9 MPH)
|
|
Pitching: RHP Stefan Snel
|
|
|
Batting: RHB Ricky Trejo
|
0-0: Ball 1-0: Swinging Strike 1-1: Foul Ball, location: 2F 1-2: SINGLE (Groundball, 56D, EV 104.4 MPH)
|
|
Batting: RHB Omar Gonzalez
|
0-0: Ball 1-0: Fly out, F9 (Flyball, 89S, EV 92.5 MPH)
|
|
Batting: RHB Billy Walker
|
0-0: Ball Ricky Trejo steals 2nd base 1-0: Called Strike 1-1: Fly out, F7 (Flyball, 7LS, EV 85.0 MPH)
|
| Top of the 6th over - 0 runs, 1 hit, 0 errors, 1 left on base; Columbia 6 - Jacksonville 4 |
| BOTTOM OF THE 6TH |
|
Jacksonville Suns batting - Pitching for Columbia Fireflies : LHP Matt Allert
|
|
Batting: LHB Emilio Cordero
|
0-0: Ball 1-0: Ball 2-0: Called Strike 2-1: Called Strike 2-2: Foul Ball, location: 2F 2-2: Strikes out swinging
|
|
Batting: RHB Pi-ao Xú
|
0-0: Called Strike 0-1: Foul Ball, location: 2F 0-2: Ball 1-2: Foul Ball, location: 2F 1-2: Strikes out looking
|
|
Batting: LHB Jose Cabello
|
0-0: Ball 1-0: Ground out 1-3 (Groundball, 15, EV 74.4 MPH)
|
| Bottom of the 6th over - 0 runs, 0 hits, 0 errors, 0 left on base; Columbia 6 - Jacksonville 4 |
| TOP OF THE 7TH |
|
Columbia Fireflies batting - Pitching for Jacksonville Suns : RHP Stefan Snel
|
|
Pitching: LHP Will Devitt
|
|
|
Batting: RHB Jeff MacPhee
|
0-0: SINGLE (Groundball, 34, EV 94.4 MPH)
|
|
Batting: LHB Roy Riess
|
0-0: Ball 1-0: Foul Ball, location: 2F 1-1: Called Strike 1-2: Strikes out swinging
|
|
Batting: LHB Pete DeHart
|
0-0: Called Strike 0-1: Fly out, F8 (Flyball, 8LM, EV 93.1 MPH)
|
|
Batting: RHB Bobby Mabrey
|
0-0: Called Strike 0-1: Ball 1-1: Foul Ball, location: 2F 1-2: Ball 2-2: Ground out 4-3 (Groundball, 4S, EV 91.9 MPH)
|
| Top of the 7th over - 0 runs, 1 hit, 0 errors, 1 left on base; Columbia 6 - Jacksonville 4 |
| BOTTOM OF THE 7TH |
|
Jacksonville Suns batting - Pitching for Columbia Fireflies : LHP Matt Allert
|
|
Pitching: RHP Bruce Charles
|
|
|
Batting: RHB Mike Gar
|
0-0: Ball 1-0: Called Strike 1-1: Foul Ball, location: 2F 1-2: Strikes out swinging
|
|
Batting: RHB Akira Suzuki
|
0-0: Ball 1-0: Ball 2-0: Called Strike 2-1: Ball 3-1: SINGLE (Groundball, 34D, EV 99.4 MPH)
|
|
Batting: LHB Jimmy Hannon
|
0-0: Ball 1-0: Fielders Choice at 2nd, 1-6 (Groundball, 34S, EV 73.1 MPH)
|
|
Batting: RHB Rick Fell
|
0-0: Ball 1-0: Ball 2-0: Ball 3-0: Base on Balls Jimmy Hannon to second
|
|
Batting: SHB Yoo-chul Jung
|
0-0: Ball 1-0: Fielders Choice at 2nd, 6-4 (Groundball, 6, EV 81.9 MPH)
|
| Bottom of the 7th over - 0 runs, 1 hit, 0 errors, 2 left on base; Columbia 6 - Jacksonville 4 |
| TOP OF THE 8TH |
|
Columbia Fireflies batting - Pitching for Jacksonville Suns : LHP Will Devitt
|
|
Pitching: RHP Tim Sherrill
|
|
|
Batting: RHB Bobby Campbell
|
0-0: Called Strike 0-1: Swinging Strike 0-2: Strikes out swinging
|
|
Batting: LHB Chris Carter
|
0-0: Called Strike 0-1: Ball 1-1: Swinging Strike 1-2: Ball 2-2: Ball 3-2: Base on Balls
|
|
Batting: RHB Ricky Trejo
|
0-0: Called Strike 0-1: Foul Ball, location: 2F 0-2: Ground out 3-1 (Groundball, 34S, EV 85.6 MPH) Chris Carter to second
|
|
Batting: RHB Omar Gonzalez
|
0-0: Swinging Strike 0-1: Ball 1-1: DOUBLE (Flyball, 89XD, EV 111.2 MPH) Chris Carter scores
|
|
Batting: RHB Billy Walker
|
0-0: Swinging Strike 0-1: Ball 1-1: Ball 2-1: Foul Ball, location: 2F 2-2: Fly out, F8 (Line Drive, 8LD, EV 89.4 MPH)
|
| Top of the 8th over - 1 run, 1 hit, 0 errors, 1 left on base; Columbia 7 - Jacksonville 4 |
| BOTTOM OF THE 8TH |
|
Jacksonville Suns batting - Pitching for Columbia Fireflies : RHP Bruce Charles
|
|
Pitching: RHP Battista Aldobrandini
|
|
|
Now in LF: Eddie Mitchell
|
|
|
Batting: LHB Jeff Tavella
|
0-0: Ball 1-0: Fly out, F8 (Flyball, 89S, EV 86.2 MPH)
|
|
Batting: LHB Emilio Cordero
|
0-0: Ball 1-0: Called Strike 1-1: Ball 2-1: Called Strike 2-2: Ball 3-2: Ground out U3 (Groundball, 34, EV 89.4 MPH)
|
|
Batting: RHB Pi-ao Xú
|
0-0: Ball 1-0: Ball 2-0: Fly out, F8 (Line Drive, 8LD, EV 106.9 MPH)
|
| Bottom of the 8th over - 0 runs, 0 hits, 0 errors, 0 left on base; Columbia 7 - Jacksonville 4 |
| TOP OF THE 9TH |
|
Columbia Fireflies batting - Pitching for Jacksonville Suns : RHP Tim Sherrill
|
|
Pitching: RHP Pedro Taveras
|
|
|
Batting: RHB Jeff MacPhee
|
0-0: Fly out, F9 (Flyball, 9D, EV 86.9 MPH)
|
|
Batting: LHB Roy Riess
|
0-0: Called Strike 0-1: Called Strike 0-2: Ball 1-2: Ball 2-2: Strikes out swinging
|
|
Batting: LHB Pete DeHart
|
0-0: Ball 1-0: Ball 2-0: Ground out 4-3 (Groundball, 34D, EV 87.5 MPH)
|
| Top of the 9th over - 0 runs, 0 hits, 0 errors, 0 left on base; Columbia 7 - Jacksonville 4 |
| BOTTOM OF THE 9TH |
|
Jacksonville Suns batting - Pitching for Columbia Fireflies : RHP Battista Aldobrandini
|
|
Pitching: RHP Ryan Wilson
|
|
|
Batting: LHB Jose Cabello
|
0-0: Called Strike 0-1: Ground out 1-3 (Groundball, 15S, EV 61.9 MPH)
|
|
Batting: RHB Mike Gar
|
0-0: Ball 1-0: Foul Ball, location: 2F 1-1: Swinging Strike 1-2: Foul Ball, location: 2F 1-2: Ball 2-2: Ball 3-2: Base on Balls
|
|
Batting: RHB Akira Suzuki
|
0-0: Called Strike 0-1: SINGLE (Groundball, 6, EV 97.5 MPH) Mike Gar to second
|
|
Batting: LHB Jimmy Hannon
|
0-0: Ball 1-0: Swinging Strike 1-1: Grounds into double play, 3-6-3 (Groundball, 34S, EV 81.9 MPH)
|
| Bottom of the 9th over - 0 runs, 1 hit, 0 errors, 1 left on base; Columbia 7 - Jacksonville 4 |
|